 Dungeon Crawl Stone Soup version 0.22-a0-295-g6c1b826 (webtiles) character file.

242470 MatthieuS the Brawler (level 20, -17/163 HPs)
             Began as a Human Berserker on Mar 23, 2018.
             Was a High Priest of Trog.
             Killed from afar by a lich (58 damage)
             ... with a crystal spear
             ... on level 4 of the Vaults on Mar 24, 2018.
             The game lasted 01:53:21 (42003 turns).

MatthieuS the Brawler (Human Berserker)            Turns: 42003, Time: 01:53:21

Health: -17/163    AC: 24    Str: 27    XL:     20   Next: 64%
Magic:  27/27      EV: 22    Int:  8    God:    Trog [*****.]
Gold:   947        SH: 23    Dex: 21    Spells: 19/19 levels left

rFire    + . .     SeeInvis +     - Unarmed
rCold    . . .     Gourm    +   b - +2 large shield "Gonyrgh" {rElec rF+ rCorr Str-3}
rNeg     + . .     Faith    .   s - +0 scale mail of Heakhy {+Inv Regen+ Str+6 Dex+2}
rPois    +         Spirit   .   N - +2 helmet {SInv}
rElec    +         Reflect  .   l - +2 cloak {rPois}
rCorr    +         Harm     .   f - +2 pair of gloves
MR       +++..                  C - +2 pair of boots
Stlth    ..........             G - amulet of the gourmand
HPRegen  1.77/turn              O - ring of positive energy
MPRegen  0.20/turn              K - ring "Neurrasm" {EV+2 Dex+4 Slay+3}

@: about to teleport, marked, flayed, berserk cooldown, regenerating, slowed,
very slow
A: no striking features
}: 1/15 runes: gossamer
a: Berserk, Trog's Hand, Brothers in Arms, Renounce Religion, Evoke Invisibility


You were on level 4 of the Vaults.
You worshipped Trog.
Trog was extremely pleased with you.
You were very full.

You visited 5 branches of the dungeon, and saw 31 of its levels.

You collected 3582 gold pieces.
You spent 2635 gold pieces at shops.

Inventory:

Hand Weapons
 w - a +5 blowgun
   (You took it off Sonja on level 3 of the Lair of Beasts)
Missiles
 z - 8 needles of confusion
 D - 18 curare-tipped needles {!f}
 F - 58 poisoned needles
Armour
 b - the +2 large shield "Gonyrgh" (worn) {rElec rF+ rCorr Str-3}
   (You took it off a tengu conjurer on level 14 of the Dungeon)

   It affects your strength (-3).
   It protects you from fire.
   It insulates you from electricity.
   It protects you from acid and corrosion.
 f - a +2 pair of gloves (worn)
   (You took it off Nikola on level 3 of the Spider Nest)
 l - a +2 cloak of poison resistance (worn)
   (You found it on level 8 of the Dungeon)
 s - the +0 scale mail of Heakhy (worn) {+Inv Regen+ Str+6 Dex+2}
   (You bought it in a shop on level 12 of the Dungeon)

   It affects your strength (+6).
   It affects your dexterity (+2).
   It lets you turn invisible.
   It increases your rate of regeneration.
 C - a +2 pair of boots (worn)
   (You found it on level 2 of the Lair of Beasts)
 N - a +2 helmet of see invisible (worn)
   (You bought it in a shop on level 12 of the Dungeon)
Jewellery
 i - an uncursed ring of protection from fire
   (You found it on level 3 of the Dungeon)
 k - an uncursed ring of protection from cold
   (You found it on level 2 of the Dungeon)
 G - an amulet of the gourmand (around neck)
   (You found it on level 11 of the Dungeon)
 K - the ring "Neurrasm" (right hand) {EV+2 Dex+4 Slay+3}
   (You found it on level 4 of the Lair of Beasts)

   [ring of evasion]

   It affects your evasion (+2).
   It affects your dexterity (+4).
   It affects your accuracy and damage with ranged weapons and melee attacks
   (+3).
 O - a ring of positive energy (left hand)
   (You found it on level 5 of the Lair of Beasts)
Wands
 p - a wand of digging (38)
   (You found it on level 6 of the Dungeon)
 u - a wand of paralysis (18)
   (You bought it in a shop on level 2 of the Orcish Mines)
 x - a wand of acid (2)
   (You bought it in a shop on level 2 of the Orcish Mines)
 y - a wand of scattershot (6)
   (You took it off a centaur warrior on level 14 of the Dungeon)
 B - a wand of polymorph (22)
   (You found it on level 9 of the Dungeon)
 Z - a wand of clouds (12)
   (You found it on level 12 of the Dungeon)
Scrolls
 g - 6 scrolls of fog
 h - 2 scrolls of magic mapping
 j - 7 scrolls of teleportation {@r4}
 m - 3 scrolls of immolation {!r}
 q - 4 scrolls of enchant armour
 v - 11 scrolls of remove curse {@r2}
 J - 2 scrolls of blinking
 Q - a scroll of fear
 T - 5 scrolls of identify {@r1}
 V - 2 scrolls of vulnerability {!r}
 W - 5 scrolls of summoning
Potions
 a - 5 potions of ambrosia
 d - 2 potions of heal wounds {@q2}
 o - 3 potions of lignification {!q}
 r - 5 potions of haste {@q3}
 t - a potion of invisibility
 A - 3 potions of flight
 E - a potion of agility
 H - 13 potions of curing {@q1}
 I - 2 potions of berserk rage
 L - 2 potions of resistance
 S - a potion of might
Miscellaneous
 n - a lamp of fire
   (You found it on level 9 of the Dungeon)
 M - 2 phantom mirrors
 P - a fan of gales
   (You found it on level 4 of the Lair of Beasts)
 U - a sack of spiders
 Y - a phial of floods
   (You bought it in a shop on level 2 of the Orcish Mines)
Comestibles
 c - 4 chunks of flesh
 e - 51 rations


   Skills:
 + Level 15.4 Fighting
 + Level 13.8 Armour
 + Level 14.1 Dodging
 + Level 14.2 Shields
 + Level 17.8 Unarmed Combat
 - Level 10.0 Evocations


You had 19 spell levels left.
You didn't know any spells.

Dungeon Overview and Level Annotations

Branches:
Dungeon (15/15)            Temple (0/1) D:6            Lair (6/6) D:11
 Shoals (0/4) Lair:4       Spider (4/4) Lair:4        Slime (0/5) Lair:6
    Orc (2/2) D:11            Elf (0/3) Orc:2        Vaults (4/5) D:13
  Crypt (0/3) Vaults:3     Depths (0/5) D:15

Altars:
Ashenzari
Cheibriados
Dithmenos
Elyvilon
Fedhas
Gozag
Kikubaaqudgha
Makhleb
Nemelex Xobeh
Xom
Yredelemnul
Zin
The Shining One
Jiyva

Shops:
D:10 %   D:12 [[   D:13 *   Orc:1 [   Orc:2 }=(=   Vaults:1 [}}}


Message History

The vault sentinel blows a loud note on a signal horn!
A two-headed ogre and a vault guard come into view.
The two-headed ogre is wielding a dire flail of holy wrath and a giant club.
A vault guard comes into view. It is wielding a battleaxe.
The two-headed ogre moves out of view.
The lich touches you but does no damage.
You block the ironheart preserver's attack.
The flayed ghost stares at you with tortured malice.
Terrible wounds open up all over your body!
* * * LOW HITPOINT WARNING * * *
The lich touches you but does no damage.
An ogre mage comes into view. It is wielding a spear.
What are your orders? t - Shout!
Orders for allies: a - Attack new target. r - Retreat! s - Stop attacking. g - Guard the area. f - Follow me.
Anything else - Cancel.
Okay, then.
Unknown command.
As you read the scroll of fear, it crumbles to dust.
You assume a fearsome visage.
The vault guard looks frightened! x2
The ironheart preserver looks frightened!
The vault guard looks frightened!
The vault sentinel looks frightened!
The vault guard looks frightened!
The ogre mage easily resists.
The two-headed ogre looks frightened! x2; The yaktaur looks frightened! x2
The lich is unaffected.
The ironheart preserver looks frightened!
The two-headed ogre looks frightened! x2; The yaktaur captain looks frightened!
The troll looks frightened!
The flayed ghost is unaffected.
You block the lich's attack.
The ogre mage moves out of view.
The vault guard closely misses your deep troll.
The two-headed ogre cries, "Waaaaaa!"
The lich casts a spell at you. You resist with almost no effort.
Your deep troll bites the vault guard!
Your deep troll's attack snaps the vault guard out of its fear.
Your deep troll claws the vault guard! x2
As you read the scroll of teleportation {@r4}, it crumbles to dust.
You feel strangely unstable.
Your deep troll disappears in a puff of smoke!
The troll changes into a tarantella!
The lich completely misses you.
The vault guard hits you but does no damage.
A vault guard opens the door.
You block the lich's attack.
The vault guard seems to regain its courage.
The ironheart preserver seems to regain its courage.
You block the vault guard's attack.
The lich gestures at you while chanting.
The crystal spear hits you!
You die...

#......#...#.....
#......#...#.)...
#......#...##'###
#......#........) ..
########.........
##+###############.........
...s.......................
...............(...........
#.....pW.@.)..............
#...)...LpĀ§.)..#########..
#.c.).).((.....# #..
#O.O.)((.......# #..
#.O...p....)p..# #..
#O.######p##)).# #.
...#...'. # ....#...'..
.....#...#..


You could see 2 ironheart preservers, a lich, a yaktaur captain (fleeing), 3
vault guards, a flayed ghost, a two-headed ogre (fleeing), an ogre mage and a
tarantella shaped shifter.

Vanquished Creatures
  Bai Suzhen (Vaults:4)
  Nikola (Spider:3)
  A lich (Vaults:3)
  Kirke (Spider:4)
  2 ghost moths (Spider:4)
  9 vault wardens
  A frost giant (Vaults:3)
  Louise (Spider:4)
  3 emperor scorpions
  6 ironheart preservers
  2 stone giants
  3 entropy weavers
  A spark wasp (Spider:4)
  The ghost of Bunnehwyld the Grappler, a journeyman TrMo of Cheibriados (Lair:1)
  A yaktaur captain (Vaults:3)
  An ice dragon (Vaults:2)
  6 vault guards
  A great orb of eyes (Vaults:2)
  A rakshasa (Vaults:2)
  3 fire dragons
  A catoblepas (Lair:6)
  4 hydras
  10 centaur warriors
  A death knight (D:14)
  7 ogre magi
  22 two-headed ogres
  8 death yaks (Lair:6)
  A tengu warrior (D:14)
  The ghost of MatthieuS the Martial Artist, a novice HuMo of Qazlal (D:8)
  Urug (Lair:2)
  An orc high priest (Orc:2)
  3 deep elf knights
  A titan skeleton (D:15)
  A skeletal warrior (D:15)
  A storm dragon skeleton (Vaults:3)
  3 unseen horrors
  A swamp dragon (Lair:6)
  8 ironbrand convokers
  2 wizards
  2 deep elf archers (Vaults:3)
  The ghost of b5mith the Skirmisher, a novice MiBe of Trog (D:6)
  A phantasmal warrior (D:15)
  A sphinx zombie (Vaults:2)
  4 orc knights
  5 harpies (Vaults:1)
  2 necromancers
  A lindwurm (Lair:6)
  2 oklob plants (Lair:4)
  2 tengu skeletons (Vaults:3)
  A wolf spider zombie (D:15)
  16 wolf spiders
  16 orb spiders
  4 orc sorcerers
  16 ugly things
  3 deep elf magi
  2 manticores (D:14)
  10 cyclopes
  A merfolk siren (Lair:4)
  2 fire giant skeletons
  2 sphinx skeletons (Vaults:3)
  2 moths of wrath
  8 vault sentinels
  5 elephants
  A stone giant skeleton (Vaults:3)
  9 black mambas
  A frost giant skeleton (Vaults:3)
  20 spiny frogs
  4 gargoyles
  5 centaur skeletons
  2 rime drakes (Lair:6)
  3 komodo dragons
  2 efreet
  33 yaktaurs
  A yaktaur skeleton (Vaults:3)
  11 demonic crawlers
  5 freezing wraiths
  A polar bear (Lair:6)
  3 merfolk (Lair:4)
  2 tengu conjurers (D:14)
  36 jumping spiders
  6 hornets
  8 trolls
  A meliai (shapeshifter) (Vaults:2)
  Prince Ribbit (Lair:2)
  25 blink frogs
  14 dream sheep
  An ettin zombie (D:15)
  15 hippogriffs
  10 slime creatures
  A centaur simulacrum (D:15)
  A meliai zombie (D:14)
  Sigmund (D:5)
  2 shadows
  112 redbacks
  A hog (Spider:4)
  53 yaks
  26 tarantellas
  3 wraiths
  5 wyverns
  Eustachio (D:5)
  6 steam dragons
  3 hungry ghosts
  3 basilisks
  A human (D:13)
  7 vampire mosquitoes
  Menkaure (D:6)
  5 wargs
  An insubstantial wisp (D:11)
  4 acid dragons
  A soldier ant (shapeshifter) (Vaults:2)
  13 water moccasins
  10 porcupines
  An eye of draining (D:10)
  5 ice beasts
  5 sky beasts
  A hornet zombie (D:14)
  38 orc warriors
  2 black bears
  5 phantoms
  24 ogres
  7 wolves
  A necrophage (D:11)
  43 centaurs
  15 crocodiles
  4 big kobolds
  A human zombie (Vaults:2)
  12 bullfrogs
  A wyvern zombie (D:9)
  7 human skeletons
  3 gnoll sergeants
  5 scorpions
  56 killer bees
  9 wights
  2 howler monkeys
  13 crimson imps
  2 bullfrog zombies
  2 centaur zombies
  2 gnoll shamans
  6 hounds
  9 jellies
  3 quasits
  20 orc priests
  An iguana (shapeshifter) (Vaults:4)
  4 iguanas
  Terence (D:2)
  20 orc wizards
  12 worker ants
  A killer bee zombie (D:9)
  A hound zombie (D:5)
  3 hound skeletons
  2 worker ant zombies (D:11)
  14 gnolls
  20 adders
  4 shadow imps
  7 oozes
  3 adder zombies
  An adder skeleton (D:9)
  2 worms (D:2)
  3 dart slugs
  4 leopard geckos
  96 orcs
  A ball python (D:2)
  9 bats
  2 giant cockroaches
  2 goblins (D:2)
  8 hobgoblins
  4 jackals (D:1)
  8 kobolds
  8 quokkas
  4 frilled lizards
  A leopard gecko zombie (D:6)
  A quokka skeleton (D:7)
  A quokka zombie (D:5)
  8 rats
  2 fungi
  3 plants
1278 creatures vanquished.

Vanquished Creatures (collateral kills)
  Arachne (Spider:2)
  Rupert (Lair:5)
  Gastronok (Lair:3)
  A ghost moth (Spider:4)
  3 vault wardens
  An ironheart preserver (Vaults:4)
  3 entropy weavers
  2 spark wasps (Spider:4)
  Josephine (Lair:4)
  2 vault guards (Vaults:4)
  A hydra (Lair:5)
  A death knight (Vaults:3)
  4 two-headed ogres
  A death yak (Lair:6)
  Sonja (Lair:3)
  2 skeletal warriors
  A wizard (Vaults:3)
  2 ironbrand convokers
  2 orc knights
  A golden dragon skeleton (D:15)
  A deep elf mage (Vaults:3)
  An orb spider (Spider:3)
  An oklob plant (Lair:1)
  A tengu skeleton (D:15)
  A manticore (D:11)
  4 vault sentinels
  A torpor snail (Lair:6)
  A komodo dragon (D:10)
  6 yaktaurs (Vaults:3)
  A rime drake (Lair:3)
  2 demonic crawlers (Spider:3)
  A troll (D:11)
  5 jumping spiders
  2 blink frogs (Lair:3)
  10 redbacks
  3 wraiths (Lair:4)
  2 tarantellas
  2 yaks (Lair:3)
  A warg (Vaults:1)
  An insubstantial wisp (D:11)
  10 orc warriors
  A sky beast (D:11)
  8 ogres
  2 centaurs (Orc:2)
  A human skeleton (Vaults:3)
  An elf skeleton (Vaults:3)
  3 gnoll sergeants (D:11)
  A bullfrog (Lair:5)
  A crimson imp (D:15)
  A bullfrog zombie (D:9)
  2 gnolls (D:11)
  3 orcs
  2 plants (Lair:5)
115 creatures vanquished.

Vanquished Creatures (others)
  Asterion (Vaults:1)
  An ogre mage (Vaults:1)
  A wolf spider (Spider:4)
  An orb spider (Spider:4)
  2 jumping spiders
  A tarantella (Spider:4)
  5 humans (Spider:4)
  An ogre (Vaults:1)
  An orc wizard (D:13)
  An orc (D:13)
  14 fungi
  12 plants
  2 withered plants (D:15)
43 creatures vanquished.

Grand Total: 1436 creatures vanquished

Notes
Turn   | Place    | Note
-------+----------+-------------------------------------------
     0 | D:1      | MatthieuS the Human Berserker began the quest for the Orb.
     0 | D:1      | Reached XP level 1. HP: 18/18 MP: 1/1
   121 | D:1      | Reached XP level 2. HP: 6/24 MP: 2/2
   917 | D:1      | Reached XP level 3. HP: 19/29 MP: 3/3
  1881 | D:2      | Reached XP level 4. HP: 35/35 MP: 4/4
  2098 | D:2      | Reached ** piety under Trog
  2378 | D:2      | Noticed Terence
  2385 | D:2      | Killed Terence
  2385 | D:2      | Reached skill level 4 in Unarmed Combat
  2406 | D:2      | Found a snail-covered altar of Cheibriados.
  2429 | D:2      | Reached XP level 5. HP: 41/41 MP: 5/5
  3562 | D:3      | Found a sparkling altar of Nemelex Xobeh.
  3883 | D:4      | Reached XP level 6. HP: 39/48 MP: 6/6
  4983 | D:5      | Entered Level 5 of the Dungeon
  5041 | D:5      | Reached skill level 5 in Unarmed Combat
  5314 | D:5      | Noticed Eustachio
  5329 | D:5      | Reached XP level 7. HP: 54/54 MP: 7/7
  5331 | D:5      | Killed Eustachio
  5706 | D:5      | Reached skill level 6 in Unarmed Combat
  5706 | D:5      | Reached XP level 8. HP: 61/61 MP: 8/8
  5788 | D:5      | Found a shimmering altar of Xom.
  6101 | D:5      | Found a glowing golden altar of the Shining One.
  6110 | D:5      | Found a basalt altar of Yredelemnul.
  6121 | D:5      | Noticed Sigmund
  6148 | D:5      | Killed Sigmund
  6148 | D:5      | Reached skill level 5 in Fighting
  6154 | D:5      | Reached *** piety under Trog
  6343 | D:5      | Found a shadowy altar of Dithmenos.
  6467 | D:5      | Noticed an angel
  6507 | D:6      | Reached skill level 7 in Unarmed Combat
  6582 | D:6      | Reached skill level 5 in Armour
  6582 | D:6      | Reached XP level 9. HP: 40/68 MP: 9/9
  6720 | D:6      | Reached skill level 5 in Dodging
  6915 | D:6      | Found a staircase to the Ecumenical Temple.
  6916 | D:6      | Noticed b5mith's ghost (novice MiBe)
  6919 | D:6      | Noticed Menkaure
  7344 | D:6      | Killed b5mith's ghost
  7344 | D:6      | Reached skill level 1 in Evocations
  7347 | D:6      | Killed Menkaure
  7347 | D:6      | Reached skill level 8 in Unarmed Combat
  7824 | D:6      | Found a blossoming altar of Fedhas.
  7826 | D:6      | Found an ancient bone altar of Kikubaaqudgha.
  8133 | D:7      | Noticed a hippogriff
  8145 | D:7      | Killed a hippogriff
  8145 | D:7      | Reached XP level 10. HP: 28/77 MP: 12/12
  8348 | D:7      | Found a shattered altar of Ashenzari.
  8408 | D:7      | Reached **** piety under Trog
  8482 | D:7      | Reached skill level 9 in Unarmed Combat
  9327 | D:8      | Noticed a two-headed ogre
  9334 | D:8      | Killed a two-headed ogre
  9334 | D:8      | Reached skill level 1 in Shields
  9619 | D:8      | Got a vibrating steel ring
  9957 | D:8      | Identified the ring "Sunwage" {Fire rN+ MR- Int+4 Dex+3} (You found it on level 8 of the Dungeon)
 10199 | D:8      | Noticed MatthieuS's ghost (novice HuMo)
 10214 | D:8      | Killed MatthieuS's ghost
 10214 | D:8      | Reached skill level 10 in Unarmed Combat
 10214 | D:8      | Reached XP level 11. HP: 84/84 MP: 14/14
 10470 | D:8      | Noticed a centaur warrior
 10484 | D:8      | Killed a centaur warrior
 10484 | D:8      | Reached skill level 5 in Evocations
 10768 | D:8      | Found an opulent altar of Gozag.
 10769 | D:8      | Found a glowing silver altar of Zin.
 10805 | D:8      | Found a burning altar of Makhleb.
 10808 | D:8      | Found a shimmering altar of Xom.
 11143 | D:9      | Noticed a two-headed ogre
 11157 | D:9      | Killed a two-headed ogre
 11351 | D:9      | Reached ***** piety under Trog
 11394 | D:9      | Noticed a cyclops
 11429 | D:9      | Killed a cyclops
 11511 | D:9      | Got a bone whip {drain}
 11712 | D:9      | Noticed a two-headed ogre
 11755 | D:9      | Killed a two-headed ogre
 11907 | D:9      | Reached skill level 11 in Unarmed Combat
 11907 | D:9      | Reached XP level 12. HP: 48/93 MP: 16/16
 12477 | D:9      | Found a white marble altar of Elyvilon.
 12606 | D:10     | Entered Level 10 of the Dungeon
 12639 | D:10     | Found Nietta's Food Boutique.
 12647 | D:10     | Bought a ration for 65 gold pieces
 12647 | D:10     | Bought a ration for 65 gold pieces
 12682 | D:10     | Noticed a two-headed ogre
 12758 | D:10     | Killed a two-headed ogre
 13260 | D:10     | Received a gift from Trog
 13796 | D:11     | Noticed a two-headed ogre
 13803 | D:11     | Killed a two-headed ogre
 15051 | D:11     | Reached skill level 12 in Unarmed Combat
 15433 | D:11     | Reached XP level 13. HP: 50/101 MP: 18/18
 15526 | D:11     | Found a staircase to the Orcish Mines.
 15861 | D:11     | Found a staircase to the Lair.
 16103 | Lair:1   | Entered Level 1 of the Lair of Beasts
 16149 | Lair:1   | Noticed Bunnehwyld's ghost (journeyman TrMo)
 16153 | Lair:1   | Noticed a five-headed hydra
 16169 | Lair:1   | Killed Bunnehwyld's ghost
 16180 | Lair:1   | Killed a five-headed hydra
 18260 | Lair:2   | Noticed Prince Ribbit
 18276 | Lair:1   | Upgraded the game from 0.22-a0-292-g0df9d5f to 0.22-a0-293-gc9362ec
 18285 | Lair:1   | Identified the +8 whip "Soen" {drain, +Fly Str+3} (You took it off a big kobold on level 9 of the Dungeon)
 18293 | Lair:1   | Identified a scroll of acquirement
 18299 | Lair:1   | Found the +15 Maxwell's patent armour {-Cast -Tele rElec MR+ rCorr}
 18322 | Lair:2   | Killed Prince Ribbit
 18732 | Lair:2   | Noticed Urug
 18747 | Lair:2   | Killed Urug
 18747 | Lair:2   | Reached skill level 13 in Unarmed Combat
 19390 | Lair:3   | Noticed Sonja
 19390 | Lair:3   | Noticed a five-headed hydra
 19415 | Lair:2   | Killed a five-headed hydra
 19529 | Lair:3   | Received a gift from Trog
 19549 | Lair:3   | Killed Sonja
 19872 | Lair:3   | Reached skill level 10 in Fighting
 19874 | Lair:3   | Noticed Gastronok
 19886 | Lair:3   | Killed Gastronok
 19886 | Lair:3   | Reached XP level 14. HP: 105/110 MP: 20/20
 20493 | Lair:4   | Reached skill level 10 in Armour
 20714 | Lair:4   | Reached skill level 10 in Dodging
 20760 | Lair:4   | Found a staircase to the Shoals.
 20836 | Lair:4   | Noticed Josephine
 20843 | Lair:4   | Killed Josephine
 20843 | Lair:4   | Reached skill level 5 in Shields
 20983 | Lair:4   | Reached skill level 14 in Unarmed Combat
 21183 | Lair:4   | Got a shimmering tin ring
 21185 | Lair:4   | Identified the ring "Neurrasm" {EV+2 Dex+4 Slay+3} (You found it on level 4 of the Lair of Beasts)
 21259 | Lair:4   | Found a hole to the Spider Nest.
 22204 | Lair:5   | Got an opalescent robe
 22225 | Lair:5   | Identified the +2 robe of Compassion {Regen+} (You found it on level 5 of the Lair of Beasts)
 22259 | Lair:5   | Noticed Rupert
 22259 | Lair:5   | Paralysed by Rupert for 3 turns
 22274 | Lair:5   | Killed Rupert
 22287 | Lair:5   | Got a brightly glowing chain mail
 22319 | Lair:5   | Identified the +6 chain mail of Democracy {rF- rCorr Dex+6} (You found it on level 5 of the Lair of Beasts)
 22822 | Lair:6   | Entered Level 6 of the Lair of Beasts
 22822 | Lair:6   | Found a viscous altar of Jiyva.
 22823 | Lair:6   | Found a staircase to the Slime Pits.
 22876 | Lair:6   | Reached XP level 15. HP: 105/118 MP: 21/21
 23080 | Lair:6   | Received a gift from Trog
 23920 | Lair:6   | Reached skill level 15 in Unarmed Combat
 24217 | Orc:1    | Entered Level 1 of the Orcish Mines
 24718 | Orc:2    | Entered Level 2 of the Orcish Mines
 24812 | Orc:2    | Received a gift from Trog
 25196 | Orc:2    | Reached skill level 10 in Shields
 25275 | Orc:2    | Found Rashoeva's Weapon Emporium.
 25275 | Orc:2    | Found Kociokog's Jewellery Boutique.
 25278 | Orc:2    | Found Qoilayn's Jewellery Shoppe.
 25280 | Orc:2    | Found Pofochan's Gadget Shop.
 25292 | Orc:2    | Bought a wand of paralysis (18) for 240 gold pieces
 25292 | Orc:2    | Bought a wand of acid (4) for 192 gold pieces
 25292 | Orc:2    | Bought a wand of acid (14) for 432 gold pieces
 25292 | Orc:2    | Bought a phial of floods for 480 gold pieces
 25357 | Orc:2    | Found a staircase to the Elven Halls.
 25580 | Orc:2    | Reached XP level 16. HP: 122/127 MP: 23/23
 25695 | Orc:1    | Found Mulecwoc's Antique Armour Shoppe.
 25703 | Orc:1    | Bought a fine buckler for 323 gold pieces
 25713 | Orc:1    | Identified the +3 buckler of Follow the Leader {rElec Int+6} (You bought it in a shop on level 1 of the Orcish Mines)
 26001 | D:12     | Received a gift from Trog
 26108 | D:12     | Found Ynamir's Antique Armour Shop.
 26281 | D:12     | Found Ciesol's Antique Armour Shop.
 26587 | D:13     | Found Qiatu's Assorted Antiques.
 27171 | D:13     | Found a gate to the Vaults.
 27179 | D:13     | Reached skill level 10 in Evocations
 27406 | D:13     | Bought a pitted shield for 266 gold pieces
 27417 | D:13     | Identified the cursed +0 shield of Hoenue {rF+ rN+ Dex-4} (You bought it in a shop on level 13 of the Dungeon)
 27649 | D:14     | Reached ****** piety under Trog
 27683 | D:14     | Received a gift from Trog
 28170 | D:14     | Got a crude scale mail
 28181 | D:14     | Identified the +0 scale mail of Hedonism {rN++ MR- rCorr Dex+3} (You found it on level 14 of the Dungeon)
 28259 | D:12     | Bought a faintly glowing chain mail for 209 gold pieces
 28269 | D:12     | Identified the +1 chain mail of the Beekeeper {Str+6 Dex+3} (You bought it in a shop on level 12 of the Dungeon)
 28433 | D:14     | Got an encrusted large shield
 28449 | D:14     | Identified the +2 large shield "Gonyrgh" {rElec rF+ rCorr Str-3} (You took it off a tengu conjurer on level 14 of the Dungeon)
 28922 | D:15     | Entered Level 15 of the Dungeon
 29411 | D:15     | Found a staircase to the Depths.
 29424 | D:15     | Reached XP level 17. HP: 135/135 MP: 24/24
 29528 | D:15     | Received a gift from Trog
 29891 | Spider:1 | Entered Level 1 of the Spider Nest
 30749 | Spider:1 | Reached skill level 16 in Unarmed Combat
 30776 | Spider:1 | Got a bloodstained scale mail
 30959 | Spider:1 | Identified the cursed +0 scale mail of the Lich-sworn {Dex+4} (You found it on level 1 of the Spider Nest)
 32266 | Spider:2 | Noticed Arachne
 32273 | Spider:2 | Killed Arachne
 32661 | Spider:2 | Upgraded the game from 0.22-a0-293-gc9362ec to 0.22-a0-295-g6c1b826
 33143 | D:12     | Bought a distressingly furry scale mail for 198 gold pieces
 33153 | D:12     | Identified the cursed +0 scale mail of Heakhy {+Inv Regen+ Str+6 Dex+2} (You bought it in a shop on level 12 of the Dungeon)
 33228 | D:14     | Received a gift from Trog
 33362 | D:12     | Bought a shiny helmet for 165 gold pieces
 34429 | Spider:3 | Reached XP level 18. HP: 99/144 MP: 25/25
 34434 | Spider:3 | Received a gift from Trog
 34592 | Spider:3 | Received a gift from Trog
 34765 | Spider:3 | Noticed Nikola
 34780 | Spider:3 | Killed Nikola
 35114 | Spider:4 | Entered Level 4 of the Spider Nest
 35114 | Spider:4 | Noticed Louise
 35136 | Spider:4 | Killed Louise
 35200 | Spider:4 | Noticed Kirke
 35216 | Spider:4 | Killed Kirke
 35816 | Spider:4 | Received a gift from Trog
 36409 | Spider:4 | Got a gossamer rune of Zot
 36699 | Vaults:1 | Entered Level 1 of the Vaults
 36828 | Vaults:1 | Found Juluzeon's Gadget Boutique.
 37039 | Vaults:1 | Reached XP level 19. HP: 89/153 MP: 26/26
 37167 | Vaults:1 | Received a gift from Trog
 37391 | Vaults:1 | Found Qegux Ysitt's Armour Shop.
 37410 | Vaults:1 | Noticed Asterion
 37439 | Vaults:1 | Killed Asterion
 37439 | Vaults:1 | Reached skill level 17 in Unarmed Combat
 37856 | Vaults:1 | Found Qumeij's Gadget Shop.
 38159 | Vaults:1 | Found Gumaem's Gadget Boutique.
 38993 | Vaults:2 | Received a gift from Trog
 40326 | Vaults:3 | Paralysed by an ogre mage for 2 turns
 40332 | Vaults:3 | Reached skill level 15 in Fighting
 40530 | Vaults:3 | Received a gift from Trog
 40538 | Vaults:3 | Reached XP level 20. HP: 147/162 MP: 27/27
 41257 | Vaults:3 | Noticed a lich
 41262 | Vaults:3 | Paralysed by a lich for 5 turns
 41289 | Vaults:3 | Killed a lich
 41589 | Vaults:3 | Found a staircase to the Crypt.
 41628 | Vaults:3 | Received a gift from Trog
 41964 | Vaults:4 | Noticed Bai Suzhen
 41975 | Vaults:4 | Killed Bai Suzhen
 41993 | Vaults:4 | Noticed a lich
 42003 | Vaults:4 | Killed from afar by a lich

Vault maps used:
D:1:      sevenhm_arrival_forest_fort_large_2, minmay_strange_pillars,
          minmay_misc_feat_rows, roderic_lattice_a, interstate_on_off
D:2:      lemuel_round_altar, minmay_pentomino_r4, uniq_terence
D:3:      overflow_temple_1_default
D:4:      first_ration
D:5:      grunt_temple_overflow_holy_war, nicolae_overflow_hidden_temple,
          led_xom_imps, uniq_eustachio, uniq_sigmund
D:6:      grunt_temple_overflow_growth_and_decay, minmay_temple_entry_mist,
          hangedman_abyss_or_decor_lesser_grid, uniq_menkaure
D:7:      ashenzari_conservatory_becter
D:8:      minmay_blocky_corners, grunt_temple_overflow_gold_and_silver,
          grunt_temple_overflow_champion_of_chaos
D:9:      hangedman_cross_cluster, lemuel_round_altar
D:10:     serial_shops, shop_fountains, hangedman_little_slice_of_home
D:11:     grunt_lair_entry_orc_guard_hut,
          kennysheep_orc_monster_closet_entryway, hangedman_misty_isle
D:12:     serial_shops, nicolae_shop_waterfront, nicolae_shop_overgrown_old_shop
D:13:     grunt_vaults_entry_fortified, serial_shops, shop_coins,
          corexii_hall_statues_i
D:14:     wad_woods_minihive, minmay_splitting_lines, evilmike_minifort
D:15:     gammafunk_depths_entry_grave
Lair:1:   dpeg_oklob_gauntlet, beast_lair_carwin_10, infiniplex_staircase_pool_2
Lair:2:   lemuel_fruit_fields, grunt_megastairs_4, uniq_prince_ribbit2,
          uniq_urug
Lair:3:   uniq_gastronok, uniq_sonja
Lair:4:   elwin_shoals_entry_stream, nicolae_spider_entry_tight_spaces,
          minmay_lair_oklob_chamber, uniq_josephine
Lair:5:   uniq_rupert
Lair:6:   hangedman_lair_in_review, guppyfry_lair_end_dragon, slime_altar_1
Spider:1: hangedman_spider_mandibles
Spider:2: nicolae_orb_stairs, uniq_arachne
Spider:3: uniq_nikola
Spider:4: spider_rune_water, nicolae_spider_cling_ruins, uniq_louise, uniq_kirke
Orc:1:    serial_shops, shop
Orc:2:    st_orc_rangers
Vaults:1: hangedman_vaults_unwind, hangedman_vaults_locks,
          nicolae_vaults_back_hallway, grunt_vaults_funnel,
          nicolae_vaults_stairing_the_circle, nicolae_vaults_circle_grid_a,
          nicolae_vaults_network_periphery, hangedman_vaults_stagger,
          v_alt_pattern_4, grunt_vaults_diagonal, vaults_mumra_chevron_long,
          vaults_dpeg_hooks, serial_shops, shop_fountains, shop, shop_fountains,
          shop, uniq_asterion
Vaults:2: nicolae_vaults_three_branches, v_rooms_3,
          nicolae_vaults_sealed_display,
          vaults_standard_mumra_enter_the_diamond, hangedman_vaults_pinch,
          ontoclasm_vaults_tryst, nicolae_vaults_circle_grid_b,
          vaults_standard_mumra_enter_the_diamond,
          ontoclasm_vaults_loading_screen, vaults_room_pool
Vaults:3: minmay_crypt_entry_skeletal_spiral, ontoclasm_vaults_ring_small,
          hangedman_vaults_corner_blocks, nicolae_vaults_border_crossing,
          hangedman_vaults_maws, v_misc_28, v_misc_19, ontoclasm_vaults_eye,
          vaults_mumra_minichess, nicolae_vaults_what_the_h
Vaults:4: nicolae_vaults_meeting, nicolae_vaults_hallways_thing,
          vaults_room_stairs_pillars, vaults_standard_mumra_x,
          ontoclasm_vaults_spin, ontoclasm_vaults_ring_square,
          ontoclasm_vaults_gateway, vaults_room_corners,
          nicolae_vaults_bisected_exclaves, v_alt_pattern_2,
          nicolae_vaults_theta, uniq_bai_suzhen

Skill      XL: |  1  2  3  4  5  6  7  8  9 10 11 12 13 14 15 16 17 18 19 20 |
---------------+-------------------------------------------------------------+-----
Unarmed Combat | 4 5 6 7 8 10 11 12 13 14 15 16 17 | 17.8
Armour         | 3 4 5 6 7 8 9 10 11 12 13 | 13.8
Dodging        | 3 4 5 6 7 8 9 10 11 12 13 14 | 14.1
Fighting       | 4 5 6 7 8 9 10 11 12 13 14 15 | 15.4
Evocations     | 3 4 5 7 8 9 10 | 10.0
Shields        | 2 4 7 10 11 12 13 14 | 14.2

Action                   |  1- 3 |  4- 6 |  7- 9 | 10-12 | 13-15 | 16-18 | 19-21 || total
-------------------------+-------+-------+-------+-------+-------+-------+-------++-------
Melee: Unarmed           |    95 |   242 |   350 |   813 |  1360 |  1837 |   874 ||  5571
       Punch             |     1 |     7 |     9 |     1 |       |       |       ||    18
 Fire: Blowgun           |       |       |       |       |     1 |    39 |       ||    40
Invok: Berserk           |     4 |     7 |     8 |    26 |    19 |    14 |    15 ||    93
       Trog's Hand       |       |     2 |     2 |     3 |     1 |     4 |     2 ||    14
       Brothers in Arms  |       |       |       |     3 |    10 |     8 |     4 ||    25
Evoke: Wand              |       |       |     3 |    34 |    30 |    68 |     3 ||   138
       Lamp of fire      |       |       |       |     1 |     2 |       |     1 ||     4
       Sack of spiders   |       |       |       |       |     1 |       |     3 ||     4
       Phial of floods   |       |       |       |       |       |     1 |       ||     1
  Use: Scroll            |       |     4 |    11 |     2 |    14 |     9 |     5 ||    45
       Potion            |       |     1 |     4 |     4 |     4 |     1 |     1 ||    15
 Stab: Sleeping          |       |     1 |       |       |       |       |       ||     1
       Paralysed         |       |       |     1 |       |       |       |       ||     1
       Distracted        |       |       |       |       |     1 |       |     3 ||     4
       Petrified         |       |       |       |       |     3 |       |       ||     3
  Eat: Chunk             |     5 |    17 |     6 |    47 |    59 |    69 |    33 ||   236
       Ration            |       |     1 |     3 |     1 |     3 |       |       ||     8
Armor: Animal skin       |     4 |       |       |       |       |       |       ||     4
       Leather armour    |    23 |    65 |    54 |       |       |       |       ||   142
       Ring mail         |       |       |    27 |    72 |       |       |       ||    99
       Skin              |       |       |    16 |    15 |       |       |       ||    31
       Scale mail        |       |       |       |   168 |    53 |   171 |   149 ||   541
       Plate armour      |       |       |       |       |   531 |   730 |       ||  1261
       Chain mail        |       |       |       |       |    14 |       |       ||    14
Dodge: Dodged            |    65 |   167 |   172 |   421 |   562 |  1008 |   345 ||  2740
Block: Buckler           |       |       |       |   115 |    64 |       |       ||   179
       Large shield      |       |       |       |       |   653 |  1519 |   909 ||  3081
       Shield            |       |       |       |       |   158 |   492 |       ||   650

Table legend:
 A = Spawn XP
 B = Non-spawn XP
 C = Spawn XP percentage of total XP
 D = Spawn monster count
 E = Non-spawn monster count
 F = Spawn count percentage of total count
 G = Total turns spent on level
                    A         B        C        D         E        F      G
               +---------+---------+-------+---------+---------+-------+---------
         Total |       0 |  386176 |   0.0 |       0 |    1391 |   0.0 | 42003
               +---------+---------+-------+---------+---------+-------+---------
           D:1 |       0 |      40 |   0.0 |       0 |      19 |   0.0 |  1620
           D:2 |       0 |     102 |   0.0 |       0 |      25 |   0.0 |  1119
           D:3 |       0 |     126 |   0.0 |       0 |      17 |   0.0 |  1049
           D:4 |       0 |      74 |   0.0 |       0 |       9 |   0.0 |  1594
           D:5 |       0 |    1411 |   0.0 |       0 |      29 |   0.0 |  1548
           D:6 |       0 |    1587 |   0.0 |       0 |      26 |   0.0 |   984
           D:7 |       0 |    1896 |   0.0 |       0 |      43 |   0.0 |  1334
           D:8 |       0 |    4825 |   0.0 |       0 |      35 |   0.0 |  1676
           D:9 |       0 |    6501 |   0.0 |       0 |      46 |   0.0 |  1682
          D:10 |       0 |    4356 |   0.0 |       0 |      56 |   0.0 |  1469
          D:11 |       0 |    8087 |   0.0 |       0 |      63 |   0.0 |  2428
          D:12 |       0 |    5017 |   0.0 |       0 |      45 |   0.0 |   921
          D:13 |       0 |   13572 |   0.0 |       0 |      26 |   0.0 |  1027
          D:14 |       0 |   18156 |   0.0 |       0 |      92 |   0.0 |  1508
          D:15 |       0 |   11506 |   0.0 |       0 |      33 |   0.0 |   834
        Lair:1 |       0 |    7992 |   0.0 |       0 |      26 |   0.0 |  2338
        Lair:2 |       0 |    5326 |   0.0 |       0 |      17 |   0.0 |  1502
        Lair:3 |       0 |    5043 |   0.0 |       0 |      24 |   0.0 |   606
        Lair:4 |       0 |   14406 |   0.0 |       0 |      53 |   0.0 |  1732
        Lair:5 |       0 |    9085 |   0.0 |       0 |      26 |   0.0 |   988
        Lair:6 |       0 |   28821 |   0.0 |       0 |      79 |   0.0 |  1288
      Spider:1 |       0 |   21163 |   0.0 |       0 |      59 |   0.0 |  1946
      Spider:2 |       0 |   23470 |   0.0 |       0 |      70 |   0.0 |  2023
      Spider:3 |       0 |   12258 |   0.0 |       0 |      34 |   0.0 |   727
      Spider:4 |       0 |   35394 |   0.0 |       0 |      91 |   0.0 |  1358
         Orc:1 |       0 |    2291 |   0.0 |       0 |      33 |   0.0 |   768
         Orc:2 |       0 |    7525 |   0.0 |       0 |      71 |   0.0 |   630
      Vaults:1 |       0 |   38990 |   0.0 |       0 |      82 |   0.0 |  1684
      Vaults:2 |       0 |   27582 |   0.0 |       0 |      46 |   0.0 |  1799
      Vaults:3 |       0 |   49812 |   0.0 |       0 |      86 |   0.0 |  1530
      Vaults:4 |       0 |   19762 |   0.0 |       0 |      30 |   0.0 |   291
               +---------+---------+-------+---------+---------+-------+---------
